 Dungeon Crawl Stone Soup version 0.27-a0-1301-g128193abf8 (webtiles) character file.

Game seed: 8912417258775905189

159959 Delamore the Impaler (level 18, -2/220 HPs)
             Began as a Formicid Fighter on June 17, 2021.
             Was an Initiate of Gozag.
             Slain by a tyrant leech (10 damage)
             ... on level 4 of the Swamp.
             The game lasted 00:52:39 (23798 turns).

Delamore the Impaler (Formicid Fighter)            Turns: 23798, Time: 00:52:40

Health: -2/220     AC: 29    Str: 27    XL:     18   Next: 38%
Magic:  18/18      EV:  2    Int: 14    God:    Gozag
Gold:   228        SH: 21    Dex: 10    Spells: 17/17 levels left

rFire    + . .     SeeInvis .   k - +8 glaive of Dismemberment {vamp, Will+ Int+4}
rCold    + + .     Faith    .   u - +0 tower shield
rNeg     + + +     Spirit   .   (armour currently unavailable)
rPois    +         Reflect  .   (helmet unavailable)
rElec    +         Harm     .   (cloak currently unavailable)
rCorr    +         Rampage  .   (gloves currently unavailable)
Will     ++...                  (boots currently unavailable)
Stlth    ..........             e - amulet of regeneration
HPRegen  1.46/turn              J - ring of protection from cold
MPRegen  0.16/turn              P - ring "Muzuoqoff" {Wiz Slay+3}

@: mighty, tree-form, silenced, resistant, marked, gold aura, studying Shields,
very slow
A: stationary, stasis, torment immunity, boosted hp, permanent stasis, dig
shafts and tunnels, (antennae 3), four strong arms
a: End Transformation, Renounce Religion


You were on level 4 of the Swamp.
You worshipped Gozag.
Gozag was aware of your devotion.
You were a tree.
You visited 5 branches of the dungeon, and saw 28 of its levels.
You also visited: Sewer and Ice Cave.

You collected 10938 gold pieces.
You spent 3207 gold pieces at shops.
You paid 7503 gold pieces to Gozag.

Inventory:

Hand Weapons
 k - the +8 glaive of Dismemberment (weapon) {vamp, Will+ Int+4}
   (You bought it in a shop on level 2 of the Orcish Mines)

   It inflicts no extra harm, but heals its wielder when it wounds a living foe.
   It affects your intelligence (+4).
   It increases your willpower.
 z - the +10 trident "Totyto" {vorpal, rElec rPois Str+3}
   (You bought it in a shop on level 9 of the Dungeon)

   It inflicts extra damage upon your enemies.
   It affects your strength (+3).
   It insulates you from electricity.
   It protects you from poison.
Missiles
 n - 111 poisoned darts
 o - 19 boomerangs (quivered)
 A - 2 throwing nets
 E - 9 javelins
 L - 6 boomerangs of dispersal
 O - 4 atropa-tipped darts
 T - 14 curare-tipped darts
Armour
 f - the +15 Maxwell's patent armour (melded) {-Cast -Tele rElec Will+ rCorr}
   (You found it on level 6 of the Dungeon)

   It insulates you from electricity.
   It prevents spellcasting.
   It prevents most forms of teleportation.
   It protects you from acid and corrosion.
   It increases your willpower.
 g - the +3 pair of seven-league boots (melded) {Rampage+∞}
   (You bought it in a shop on level 2 of the Orcish Mines)
 u - a +0 tower shield (worn)
 Q - a +0 cloak of willpower (melded)
 Y - a +2 pair of gloves of archery (melded)
Jewellery
 e - an amulet of regeneration (around neck)
 m - a ring of flight
 r - the ring "Myidistre" {Will+ Dex+9}
   (You found it on level 3 of the Lair of Beasts)

   [ring of willpower]

   It affects your dexterity (+9).
   It increases your willpower.
 J - a ring of protection from cold (left branch)
 P - the ring "Muzuoqoff" (right branch) {Wiz Slay+3}
   (You bought it in a shop on level 1 of the Orcish Mines)

   [ring of wizardry]

   It improves your spell success rate.
   It affects your accuracy and damage with ranged weapons and melee attacks
   (+3).
Wands
 t - a wand of acid (14)
 v - a wand of mindburst (11)
 w - a wand of iceblast (33)
 B - a wand of flame (97)
 F - a wand of polymorph (5)
 I - a wand of charming (18)
 V - a wand of paralysis (25)
Scrolls
 b - 5 scrolls of enchant weapon
 c - 2 scrolls of immolation
 q - 5 scrolls of brand weapon
 x - 4 scrolls of enchant armour
 y - 3 scrolls of magic mapping
 C - 4 scrolls of fog
 D - 7 scrolls of amnesia
 G - 13 scrolls of identify
 K - a scroll of summoning
 W - a scroll of holy word
Potions
 d - 3 potions of might
 h - 5 potions of brilliance
 i - 4 potions of magic
 j - 4 potions of mutation
 H - 8 potions of curing
 M - 3 potions of invisibility
 N - 2 potions of berserk rage
 R - 4 potions of ambrosia
 S - 3 potions of flight
 U - a potion of cancellation
Miscellaneous
 s - a tin of tremorstones (2/2)
 X - a phantom mirror


   Skills:
 + Level 14.5 Fighting
 + Level 18.3 Polearms
 - Level 10.0 Throwing
 - Level 15.0 Armour
 - Level 15.0 Shields
 - Level 10.0 Evocations


You had 17 spell levels left.
You didn't know any spells.
Your spell library contained the following spells:

 Spells                   Type           Power      Damage    Failure   Level
 Beastly Appendage        Tmut           0%         N/A       12%         1
 Corona                   Hex            0%         N/A       12%         1
 Magic Dart               Conj           0%         1d3       12%         1
 Sandblast                Erth           0%         2d4       12%         1
 Sting                    Tmut/Pois      0%         1d3       12%         1
 Summon Small Mammal      Summ           0%         N/A       12%         1
 Call Imp                 Summ           0%         N/A       17%         2
 Corpse Rot               Necr/Air       N/A        N/A       17%         2
 Ensorcelled Hibernation  Hex/Ice        0%         N/A       17%         2
 Poisonous Vapours        Pois/Air       0%         N/A       17%         2
 Searing Ray              Conj           0%         3d3       17%         2
 Slow                     Hex            0%         N/A       17%         2
 Static Discharge         Conj/Air       0%         N/A       17%         2
 Sublimation of Blood     Necr           0%         N/A       17%         2
 Wereblood                Tmut           0%         N/A       17%         2
 Call Canine Familiar     Summ           0%         N/A       32%         3
 Confusing Touch          Hex            0%         N/A       32%         3
 Dazzling Flash           Conj/Hex       0%         N/A       32%         3
 Gell's Gravitas          Tloc           0%         N/A       32%         3
 Ignite Poison            Fire/Tmut/Pois 0%         N/A       32%         3
 Mephitic Cloud           Conj/Pois/Air  0%         N/A       32%         3
 Portal Projectile        Hex/Tloc       0%         N/A       32%         3
 Spider Form              Tmut/Pois      0%         N/A       32%         3
 Stone Arrow              Conj/Erth      0%         3d7       32%         3
 Summon Guardian Golem    Hex/Summ       0%         N/A       32%         3
 Tukima's Dance           Hex            0%         N/A       32%         3
 Animate Armour           Summ/Erth      0%         N/A       71%         4
 Animate Dead             Necr           0%         N/A       71%         4
 Cause Fear               Hex            0%         N/A       71%         4
 Dispel Undead            Necr           0%         3d6       71%         4
 Fulminant Prism          Conj/Hex       0%         3d6       71%         4
 Ice Form                 Ice/Tmut       0%         N/A       71%         4
 Iskenderun's Mystic Bla  Conj/Tloc      0%         2d3       71%         4
 Olgreb's Toxic Radiance  Pois           0%         N/A       71%         4
 Petrify                  Tmut/Erth      0%         N/A       71%         4
 Summon Ice Beast         Ice/Summ       0%         N/A       71%         4
 Summon Lightning Spire   Summ/Air       0%         N/A       71%         4
 Agony                    Necr           0%         N/A       95%         5
 Blade Hands              Tmut           0%         N/A       95%         5
 Bolt of Magma            Conj/Fire/Erth 0%         4d4       95%         5
 Borgnjor's Vile Clutch   Necr/Erth      0%         N/A       95%         5
 Excruciating Wounds      Necr           0%         N/A       95%         5
 Irradiate                Conj/Tmut      0%         3d14      95%         5
 Iskenderun's Battlesphe  Conj           0%         2d6       95%         5
 Lee's Rapid Deconstruct  Erth           0%         3d5*      95%         5
 Lightning Bolt           Conj/Air       0%         1d11      95%         5
 Metabolic Englaciation   Hex/Ice        0%         N/A       95%         5
 Silence                  Hex/Air        0%         N/A       95%         5
 Summon Mana Viper        Hex/Summ       0%         N/A       95%         5
 Yara's Violent Unravell  Hex/Tmut       0%         3d3       95%         5
 Death Channel            Necr           0%         N/A       100%        6
 Iron Shot                Conj/Erth      0%         9d1       100%        6
 Simulacrum               Ice/Necr       0%         N/A       100%        6
 Statue Form              Tmut/Erth      0%         N/A       100%        6
 Dragon Form              Tmut           0%         N/A       100%        7
 Orb of Destruction       Conj           0%         N/A       100%        7
 Spellforged Servitor     Conj/Summ      0%         N/A       100%        7
 Storm Form               Tmut/Air       0%         N/A       100%        7
 Borgnjor's Revivificati  Necr           0%         N/A       100%        8
 Discord                  Hex            0%         N/A       100%        8
 Ignition                 Fire           0%         3d3       100%        8
 Infestation              Necr           0%         N/A       100%        8
 Necromutation            Tmut/Necr      0%         N/A       100%        8
 Death's Door             Necr           0%         N/A       100%        9
 Polar Vortex             Ice            0%         N/A       100%        9
 Shatter                  Erth           0%         3d5*      100%        9


Dungeon Overview and Level Annotations

Branches:
Dungeon (15/15)            Temple (1/1) D:6            Lair (6/6) D:8
  Swamp (4/4) Lair:2       Spider (0/4) Lair:4        Slime (0/5) Lair:5
    Orc (2/2) D:9             Elf (0/3) Orc:2        Vaults (0/5) D:13
 Depths (0/5) D:15          Sewer (visited)           IceCv (visited)

Altars:
Ashenzari
Cheibriados
Elyvilon
Gozag
Hepliaklqana
Makhleb
Nemelex Xobeh
Ru
Vehumet
Wu Jian
Xom
Yredelemnul
Zin
The Shining One
Jiyva

Shops:
D:5 *   D:9 ?[(   D:12 !   D:14 *   Orc:1 *   Orc:2 *[**::[(   Lair:2 ==
Lair:3 [   Swamp:3 ?

Portals:
Trove: D:15 (give +4 ice dragon scales)

Annotations:
Lair:2 2 transporters, Ryshrush's ghost, journeyman MiBe
Swamp:4 Bai Suzhen


Innate Abilities, Weirdness & Mutations

You are a tree.
Your roots penetrate the ground, keeping you stationary.
You cannot be teleported.
You are immune to unholy pain and torment.
Your maximum health is greatly increased.
Your equipment is partially melded.
You cannot be hasted, slowed, berserked, paralysed or teleported.
You can dig through walls and to a lower floor.
((You have a pair of large antennae on your head. (SInv)))
Your four strong arms can wield two-handed weapons with a shield.


Message History

You block the four-headed hydra's attack. x2
The four-headed hydra bites you.
* * * LOW HITPOINT WARNING * * *
The four-headed hydra bites you but does no damage.
The bog body touches you but does no damage.
The tyrant leech bites you but does no damage.
You block the swamp worm's attack. Bai Suzhen hits you but does no damage.
Bai Suzhen tail-slaps you but does no damage.
The spriggan druid is distracted by your dazzling golden aura.
You block the eight-headed hydra's attack.
The eight-headed hydra bites you!
* * * LOW HITPOINT WARNING * * *
The eight-headed hydra bites you.
* * * LOW HITPOINT WARNING * * *
The eight-headed hydra bites you but does no damage. x2
You block the eight-headed hydra's attack.
The eight-headed hydra bites you but does no damage. x2
A swamp drake comes into view.
Okay, then.
Okay, then.
Okay, then.
Reach: k) +8 glaive of Dismemberment {vamp, Will+ Int+4}
Press: ? - help, Dir - move target, f - bog body
Aim: a bog body (grey smoke, about 22% to evade the +8 glaive of Dismemberment)
Okay, then.
Okay, then.
As you read the scroll of silence, it crumbles to dust.
A profound silence engulfs you.
The spriggan druid is no longer distracted by gold.
The swamp drake is distracted by your dazzling golden aura.
You block the four-headed hydra's attack.
The four-headed hydra bites you but does no damage. x2
You block the four-headed hydra's attack.
The swamp worm bites you but does no damage.
The bog body touches you but does no damage.
Bai Suzhen hits you but does no damage.
Bai Suzhen splashes around in the water.
The tyrant leech bites you!
You die...
Your body crumbles into a pile of gold. ...≈≈≈...≈≈≈≈.≈≈≈ .≈.≈ ♣.≈≈≈≈≈≈.§<.≈≈≈≈≈ D.PP

♣PPP§P≈≈§°..≈≈≈≈§ ≈≈PP
♣♣PPP≈≈≈≈☼☼..≈≈≈≈.
♣≈≈♣♣.≈≈≈≈≈≈.○☼○.≈≈≈≈≈
R.♣.≈{{§§.≈≈≈≈..≈..≈≈≈≈≈
§≈{DRDDD≈≈≈≈≈....≈≈≈≈≈
{#ndDww≈§≈≈≈.§♣≈.≈≈§≈
{{{{#n♣wi{≈≈≈≈.≈♣♣♣≈.≈≈
{{{#DwwfF≈≈)...≈ ♣♣..
{{D#nfiHi≈≈.♣♣♣♣ $ {
.nwnki≈.♣♣♣ P##kD≈≈§{♣
k♣♣≈≈≈.≈♣ #n ♣≈§§.D♣ #D
.≈≈.≈.


You could see Bai Suzhen, a thorn hunter, a shambling mangrove, an eleionoma, 3
eight-headed hydras, a five-headed hydra (summoned), a four-headed hydra
(strong), 3 swamp dragons, a fenstrider witch, a tyrant leech (strong), a
spriggan druid, 6 bog bodies, 5 swamp worms, 3 swamp drakes and a spriggan.

Vanquished Creatures
  Frances (Lair:2)
  Roxanne (D:15)
  A fire giant (D:15)
  The ghost of EldarEldrad the Devastator, an adept DEFE of Vehumet (Swamp:3)
  Nessos (D:13)
  A dire elephant (Lair:6)
  2 bunyips (Swamp:1)
  An ettin (Orc:2)
  A blizzard demon (IceCv)
  4 eleionomae
  Josephine (Lair:2)
  An ice dragon (Lair:6)
  2 ogre magi (Orc:2)
  A ghost crab (Swamp:3)
  15 hydras
  4 boulder beetles
  A rakshasa (D:15)
  2 catoblepae (Lair:6)
  2 centaur warriors
  4 tengu warriors
  13 two-headed ogres
  15 death yaks
  9 alligators
  Urug (Lair:6)
  Sonja (D:13)
  12 spriggans
  5 goliath frogs
  2 deep trolls (Orc:2)
  6 spriggan druids
  4 swamp dragons
  2 bog bodies (Swamp:3)
  3 lindwurms (Lair:6)
  6 orc knights
  3 wizards
  3 manticores
  9 ugly things
  4 oklob plants (Lair:5)
  4 will-o-the-wisps
  3 orc sorcerers
  8 cyclopes
  14 elephants
  A molten gargoyle (D:15)
  Maurice (Orc:2)
  9 black mambas
  14 cane toads
  6 torpor snails (Lair:6)
  3 gargoyles
  An ice statue (IceCv)
  3 kobold demonologists
  9 komodo dragons
  2 efreet (D:15)
  3 freezing wraiths (IceCv)
  3 tengu conjurers (D:13)
  6 ice devils (IceCv)
  12 rime drakes
  4 anaconda simulacra (IceCv)
  6 polar bears
  A wolf spider simulacrum (D:14)
  20 trolls
  9 tyrant leeches
  Prince Ribbit (D:9)
  2 dream sheep (Lair:6)
  19 hornets
  8 blink frogs (Lair:4)
  A vampire (D:12)
  A shadow (D:9)
  46 yaks
  3 wyverns
  2 dire elephant simulacra (IceCv)
  Grum (D:8)
  6 humans (D:7)
  7 steam dragons
  7 wraiths
  8 basilisks
  A death yak simulacrum (IceCv)
  Menkaure (D:4)
  4 vampire mosquitoes
  2 harpy simulacra (IceCv)
  4 wargs
  7 swamp worms
  2 hydra simulacra (IceCv)
  4 iron troll simulacra (IceCv)
  Duvessa (D:7)
  3 acid dragons
  16 water moccasins
  A hornet zombie (D:8)
  23 orc warriors
  A sky beast (D:6)
  An ice beast (D:6)
  An ettin simulacrum (IceCv)
  22 ogres
  A necrophage (D:8)
  25 wolves
  2 phantoms (D:5)
  7 centaurs
  2 wyvern zombies
  6 kobold brigands
  3 scorpions
  19 bullfrogs
  A gnoll sergeant (D:9)
  Dowan (D:7)
  An elephant simulacrum (IceCv)
  A wight (D:9)
  3 howler monkeys
  2 electric eels (Lair:5)
  5 centaur zombies
  A bullfrog zombie (D:6)
  A lava snake (D:15)
  A jelly (Lair:5)
  A bullfrog skeleton (D:6)
  4 hounds
  A gnoll shaman (D:7)
  8 orc priests
  A centaur skeleton (D:6)
  2 iguanas
  An iron imp (D:13)
  17 orc wizards
  2 hell rats (Lair:1)
  2 troll simulacra (IceCv)
  A spriggan simulacrum (IceCv)
  3 wolf simulacra (IceCv)
  A killer bee zombie (D:8)
  3 centaur simulacra (IceCv)
  A hound zombie (D:5)
  A hound skeleton (D:5)
  8 gnolls
  A river rat (shapeshifter) (D:10)
  8 river rats
  6 adders
  5 ogre simulacra (IceCv)
  A shadow imp (D:5)
  6 white imps
  5 ufetubi
  An adder skeleton (D:4)
  6 worms
  A worm (shapeshifter) (D:10)
  62 orcs
  10 ball pythons
  14 endoplasms
  4 giant cockroaches
  15 goblins
  13 hobgoblins
  10 jackals
  A quokka (D:8)
  15 bats
  6 frilled lizards
  27 kobolds
  18 rats
867 creatures vanquished.

Vanquished Creatures (others)
  A blizzard demon (IceCv)
  A dancing weapon (Swamp:3)
  A bloated husk (Swamp:3)
  An ufetubus (IceCv)
  38 foxfires
  27 fungi
  35 plants
104 creatures vanquished.

Grand Total: 971 creatures vanquished

Notes
Turn   | Place    | Note
-------+----------+-------------------------------------------
     0 | D:1      | Delamore the Formicid Fighter began the quest for the Orb.
     0 | D:1      | Reached XP level 1. HP: 18/18 MP: 1/1
   119 | D:1      | Reached XP level 2. HP: 24/24 MP: 2/2
   211 | D:1      | Reached XP level 3. HP: 30/30 MP: 3/3
   260 | D:1      | Reached skill level 3 in Polearms
   555 | D:1      | Reached XP level 4. HP: 37/37 MP: 4/4
   963 | D:2      | Reached skill level 4 in Polearms
  1058 | D:2      | Reached XP level 5. HP: 42/42 MP: 5/5
  2224 | D:4      | Reached skill level 1 in Throwing
  2224 | D:4      | Reached XP level 6. HP: 25/49 MP: 6/6
  2321 | D:4      | Found a glowing drain.
  2343 | D:4      | Reached skill level 5 in Polearms
  2360 | Sewer    | Entered a sewer
  2607 | Sewer    | Reached skill level 5 in Fighting
  2694 | Sewer    | Reached XP level 7. HP: 52/56 MP: 7/7
  2781 | Sewer    | Reached skill level 6 in Polearms
  2973 | D:4      | Noticed Menkaure
  3199 | D:4      | Killed Menkaure
  3200 | D:4      | Reached XP level 8. HP: 62/62 MP: 8/8
  3353 | D:4      | You are sucked into a shaft and drop 1 floor!
  3353 | D:5      | Entered Level 5 of the Dungeon
  3359 | D:5      | Reached skill level 7 in Polearms
  3535 | D:5      | Reached skill level 8 in Polearms
  3642 | D:5      | Found Pud Ychi's General Store.
  3701 | D:5      | Bought a scroll of identify for 26 gold pieces
  3701 | D:5      | Bought a scroll of identify for 26 gold pieces
  3914 | D:6      | Reached skill level 9 in Polearms
  3990 | D:6      | Reached XP level 9. HP: 68/68 MP: 9/9
  4039 | D:6      | Found a staircase to the Ecumenical Temple.
  4117 | Temple   | Entered the Ecumenical Temple
  4222 | Temple   | Became a worshipper of Gozag Ym Sagoz the Greedy
  4377 | D:6      | Reached skill level 10 in Polearms
  4781 | D:6      | Reached skill level 11 in Polearms
  5256 | D:7      | Noticed a brown ugly thing
  5278 | D:7      | Killed a brown ugly thing
  5279 | D:7      | Reached skill level 12 in Polearms
  5279 | D:7      | Reached XP level 10. HP: 11/74 MP: 10/10
  5532 | D:7      | Noticed Duvessa
  5540 | D:7      | Killed Duvessa
  5558 | D:7      | Noticed Dowan
  5565 | D:7      | Killed Dowan
  5566 | D:7      | Reached skill level 13 in Polearms
  5879 | D:6      | Noticed a rust devil
  5879 | D:6      | Noticed a rust devil
  6147 | D:6      | Found the +15 Maxwell's patent armour {-Cast -Tele rElec
                  | Will+ rCorr}
  6178 | D:8      | Found a staircase to the Lair.
  6178 | D:8      | Noticed a death yak
  6178 | D:8      | Noticed a death yak
  6181 | D:8      | Noticed a death yak
  6207 | D:7      | Killed a death yak
  6212 | D:7      | Killed a death yak
  6249 | D:7      | Killed a death yak
  6250 | D:7      | Reached skill level 14 in Polearms
  6250 | D:7      | Reached skill level 5 in Shields
  6250 | D:7      | Reached XP level 11. HP: 79/79 MP: 11/11
  6357 | D:8      | Reached skill level 5 in Armour
  6371 | D:8      | Noticed Grum
  6382 | D:8      | Killed Grum
  6585 | D:8      | Noticed a boulder beetle
  6614 | D:8      | Killed a boulder beetle
  6742 | D:8      | Noticed a tengu warrior
  6742 | D:8      | Noticed a tengu warrior
  6754 | D:8      | Killed a tengu warrior
  6771 | D:8      | Killed a tengu warrior
  7437 | D:9      | Noticed a two-headed ogre
  7439 | D:9      | Noticed a two-headed ogre
  7453 | D:9      | Noticed Prince Ribbit
  7464 | D:9      | Killed Prince Ribbit
  7479 | D:9      | Killed a two-headed ogre
  7480 | D:9      | Reached skill level 10 in Armour
  7498 | D:9      | Killed a two-headed ogre
  7499 | D:9      | Reached skill level 1 in Evocations
  7499 | D:9      | Reached XP level 12. HP: 76/86 MP: 12/12
  7679 | D:9      | Found a staircase to the Orcish Mines.
  7929 | D:9      | Bought a crude trident for 229 gold pieces
  7929 | D:9      | Identified the +10 trident "Totyto" {vorpal, rElec rPois
                  | Str+3} (You bought it in a shop on level 9 of the Dungeon)
  7969 | D:9      | Noticed a two-headed ogre
  7976 | D:9      | Killed a two-headed ogre
  8008 | Lair:1   | Entered Level 1 of the Lair of Beasts
  8040 | Lair:1   | Reached skill level 5 in Throwing
  8486 | Lair:1   | Reached skill level 5 in Evocations
  8794 | Lair:2   | Noticed a four-headed hydra
  8830 | Lair:1   | Killed a four-headed hydra
  8853 | Lair:2   | Noticed an eight-headed hydra
  8866 | Lair:2   | Killed an eight-headed hydra
  8867 | Lair:2   | Reached XP level 13. HP: 96/101 MP: 13/13
  8869 | Lair:2   | Identified the +0 plate armour of the Wild Haggis {rElec
                  | rF+ Will+ Str-4}
  8904 | Lair:2   | Noticed a seven-headed hydra
  8914 | Lair:2   | Killed a seven-headed hydra
  8915 | Lair:2   | Reached skill level 10 in Fighting
  9083 | Lair:2   | Found a staircase to the Swamp.
  9121 | Lair:2   | Found a transporter.
  9135 | Lair:2   | Noticed Ryshrush's ghost (journeyman MiBe)
  9144 | Lair:2   | Noticed a five-headed hydra
  9178 | Lair:2   | Found a transporter.
  9689 | Lair:3   | Identified the ring "Myidistre" {Will+ Dex+9}
  9693 | Lair:3   | Noticed a five-headed hydra
  9701 | Lair:3   | Killed a five-headed hydra
 10275 | Lair:3   | Found the +4 robe of Augmentation {Str+4 Int+4 Dex+4}
 10636 | Lair:3   | Bought a runed scarf for 192 gold pieces
 10636 | Lair:3   | Bought a pair of glowing boots for 180 gold pieces
 10662 | Lair:4   | Found a hole to the Spider Nest.
 10976 | Lair:4   | Reached XP level 14. HP: 92/110 MP: 14/14
 11010 | Lair:4   | Reached skill level 15 in Polearms
 12211 | Lair:5   | Found a runed translucent door.
 12211 | Lair:5   | Found a viscous altar of Jiyva.
 12211 | Lair:5   | Found a staircase to the Slime Pits.
 12519 | Lair:6   | Entered Level 6 of the Lair of Beasts
 12612 | Lair:6   | Reached skill level 10 in Throwing
 12654 | Lair:6   | Noticed Urug
 12736 | Lair:6   | Killed Urug
 12737 | Lair:6   | Reached XP level 15. HP: 79/115 MP: 15/15
 12762 | Lair:6   | Reached skill level 16 in Polearms
 13243 | Lair:6   | Reached skill level 15 in Armour
 13686 | Lair:6   | Found a runed translucent door.
 14143 | Orc:1    | Entered Level 1 of the Orcish Mines
 14148 | D:9      | Bought a scroll of acquirement for 832 gold pieces
 14148 | D:9      | Acquired a manual of Shields
 14334 | Orc:1    | Found Xampesm's Assorted Antiques.
 14372 | Orc:1    | Bought a scorched copper ring for 170 gold pieces
 14372 | Orc:1    | Identified the ring "Muzuoqoff" {Wiz Slay+3} (You bought it
                  | in a shop on level 1 of the Orcish Mines)
 14665 | Orc:2    | Entered Level 2 of the Orcish Mines
 14665 | Orc:2    | Found a burning altar of Makhleb.
 14665 | Orc:2    | Found Lolint's Book Emporium.
 14718 | Orc:2    | Found Comoconu's Book Shoppe.
 14812 | Orc:2    | Noticed Maurice
 14815 | Orc:2    | Killed Maurice
 14846 | Orc:2    | Found Diylauxu's Armour Emporium.
 14881 | Orc:2    | Found Zuumu's Antique Weapon Boutique.
 14893 | Orc:2    | Bought the +3 pair of seven-league boots {Rampage+∞} for
                  | 480 gold pieces
 14893 | Orc:2    | Found the +3 pair of seven-league boots {Rampage+∞}
 14910 | Orc:2    | Bought an iridescent glaive for 414 gold pieces
 14910 | Orc:2    | Identified the +8 glaive of Dismemberment {vamp, Will+
                  | Int+4} (You bought it in a shop on level 2 of the Orcish
                  | Mines)
 15040 | Orc:2    | Found a staircase to the Elven Halls.
 15138 | Orc:2    | Reached XP level 16. HP: 119/124 MP: 16/16
 15200 | Orc:2    | Reached skill level 10 in Shields
 15253 | Orc:2    | Found Kisauv's Armour Shop.
 15253 | Orc:2    | Found Ataxy's Assorted Antiques.
 15258 | Orc:2    | Found Wuhalo's Assorted Antiques.
 15261 | Orc:2    | Bought a scroll labelled GIUCU GUROMA for 23 gold pieces
 15269 | Orc:2    | Found Wiqebeak's General Store.
 15581 | D:10     | Entered Level 10 of the Dungeon
 16034 | D:10     | Found a shimmering altar of Xom.
 16034 | D:10     | Found a shimmering altar of Xom.
 16035 | D:10     | Found a shimmering altar of Xom.
 16049 | D:10     | Found a shimmering altar of Xom.
 16049 | D:10     | Found a shimmering altar of Xom.
 16205 | D:11     | Identified the Tome of Bewitchment
 16665 | D:11     | Identified the +0 ring mail "Ciuluat" {rN+ Int+6 Dex-3}
 17018 | D:12     | Gained mutation: Your body sometimes deteriorates upon
                  | taking damage. [a neqoxec]
 17162 | D:12     | Lost mutation: Your body sometimes deteriorates upon taking
                  | damage. [potion of mutation]
 17162 | D:12     | Gained mutation: You are frail. (-10% HP) [potion of
                  | mutation]
 17162 | D:12     | Lost mutation: You are frail. (-10% HP) [potion of
                  | mutation]
 17511 | D:12     | Found Kublue's Distillery.
 17514 | D:12     | Bought a potion of might for 64 gold pieces
 17514 | D:12     | Bought a potion of might for 64 gold pieces
 17514 | D:12     | Bought a potion of curing for 48 gold pieces
 17954 | D:13     | Noticed Nessos
 17961 | D:13     | Killed Nessos
 18058 | D:13     | Noticed Sonja
 18066 | D:13     | Killed Sonja
 18218 | D:13     | Found a snail-covered altar of Cheibriados.
 18324 | D:13     | Found a gate to the Vaults.
 18360 | D:14     | Found Kypidu's Overcharged Wands.
 18364 | D:14     | Bought a wand of paralysis (25) for 459 gold pieces
 19031 | D:15     | Entered Level 15 of the Dungeon
 19048 | D:15     | Reached skill level 17 in Polearms
 19102 | D:15     | Reached XP level 17. HP: 103/133 MP: 17/17
 19369 | D:15     | Identified Roxanne's Guide on the Rocks
 19369 | D:15     | Noticed Roxanne
 19391 | D:15     | Killed Roxanne
 19698 | D:15     | Found a portal to a secret trove of treasure.
 19782 | D:15     | Found a staircase to the Depths.
 19843 | D:15     | HP: 5/135 [fire giant/fireball (33)]
 20362 | Swamp:1  | Entered Level 1 of the Swamp
 20420 | Swamp:1  | Noticed Josephine
 20425 | Swamp:1  | Noticed Frances
 20478 | Lair:2   | Killed Frances
 20575 | Lair:2   | Killed Josephine
 20675 | Swamp:1  | Reached skill level 10 in Evocations
 20918 | Swamp:1  | Acquired 408 gold pieces
 21426 | Swamp:2  | Reached skill level 15 in Shields
 21855 | Swamp:3  | Found a frozen archway.
 21872 | IceCv    | Entered an ice cave
 22318 | IceCv    | Reached XP level 18. HP: 145/145 MP: 18/18
 22754 | Swamp:3  | Found a runed translucent door.
 22754 | Swamp:3  | Found a shimmering altar of Xom.
 22754 | Swamp:3  | Noticed EldarEldrad's ghost (adept DEFE)
 23046 | Swamp:3  | Reached skill level 18 in Polearms
 23289 | Swamp:3  | Identified the +6 quarterstaff of Compulsion {flame, +Blink
                  | rElec Str-4 Dex+6}
 23629 | Swamp:3  | Killed EldarEldrad's ghost
 23764 | Swamp:4  | Entered Level 4 of the Swamp
 23782 | Swamp:4  | Noticed Bai Suzhen
 23794 | Swamp:4  | HP: 2/147 [tyrant leech (26)]
 23798 | Swamp:4  | Slain by a tyrant leech

Illustrated notes

Levels and vault maps discovered:
D:1:      tarquinn_simple_flora_water_d, layout_basic, minmay_3d_cube
D:2:      minmay_angry_zag, layout_basic, grunt_ministairs_1
D:3:      layout_basic
D:4:      layout_rooms, cheibrodos_sewer_entry_sluice, uniq_menkaure
D:5:      layout_rooms, serial_shops, nicolae_square_shop
D:6:      cheibrodos_iron_armory, layout_gridville, minmay_temple_entry_poolview
D:7:      layout_loops_ring, minmay_ruffians, uniq_duvessa
D:8:      layout_basic, dpeg_lair_monsters, uniq_grum
D:9:      minmay_four_partial_circles, layout_irregular_city, orc_0_dummy,
          uniq_prince_ribbit1
D:10:     layout_basic, xom_shifter_show
D:11:     layout_irregular_city
D:12:     layout_stronghold, serial_shops, kennysheep_mini_moat,
          kennysheep_generic_room_6
D:13:     layout_rooms, david_vaults_1, chei_slow_surprise, uniq_nessos,
          uniq_sonja
D:14:     layout_gridville, nicolae_shop_overcharged_wands
D:15:     grunt_enter_depths_giant_problem, layout_basic,
          nicolae_trove_entry_crossroad, uniq_roxanne
Temple:   nicolae_temple_the_god_donut
Lair:1:   layout_gridlike, kennysheep_rathole
Lair:2:   layout_chaotic_city, swamp_mist, gammafunk_ghost_berserking_beasts,
          st_stairs_9
Lair:3:   layout_regular_city, bobbens_dragon_lair_wall
Lair:4:   layout_roguey, spider_nest_entry_web_field, grunt_megastairs_1,
          lemuel_fruit_fields, infiniplex_staircase_pool_2
Lair:5:   layout_hall_layers, slime_altar_2, disabler_island,
          infiniplex_staircase_pool, minmay_lair_oklob_chamber
Lair:6:   hangedman_lair_in_review, layout_loops_ring, wormcave,
          lemuel_fruit_fields, uniq_urug
Swamp:1:  layout_basic_swamp, nicolae_swamp_some_circles, hangedman_swamp_pad,
          uniq_josephine, uniq_frances
Swamp:2:  layout_falls_marsh, evilmike_swamp_ruin_house_2
Swamp:3:  layout_basic_swamp, ebering_ghost_xom,
          portal_ice_cave_entry_pillars_1, evilmike_swamp_ruin_house_3
Swamp:4:  grunt_swamp_rune_castle, layout_basic_swamp, uniq_bai_suzhen
Orc:1:    layout_caves, serial_shops, nicolae_shop_statue_plus
Orc:2:    st_orc_open, layout_diamond_mine, basic_altar, serial_shops, shop,
          nicolae_shop_statue_plus, shop, shop, mines_bat_river, uniq_maurice

Skill      XL: |  1  2  3  4  5  6  7  8  9 10 11 12 13 14 15 16 17 18 |
---------------+-------------------------------------------------------+-----
Polearms       | 3 4 5 6 9 12 14 15 16 17 18 | 18.3
Fighting       | 4 5 9 10 12 13 14 | 14.5
Throwing       | 1 2 3 6 8 10 | 10.0
Shields        | 5 7 9 12 15 | 15.0
Armour         | 4 10 11 13 15 | 15.0
Evocations     | 1 5 6 9 10 | 10.0

Action                   |  1- 3 |  4- 6 |  7- 9 | 10-12 | 13-15 | 16-18 || total
-------------------------+-------+-------+-------+-------+-------+-------++-------
Melee: Trident           |   131 |   233 |   285 |   568 |  1125 |       ||  2342
       Unarmed           |       |       |       |    17 |       |       ||    17
       Glaive            |       |       |       |       |    15 |  1231 ||  1246
Throw: Dart              |       |     6 |       |    22 |       |     6 ||    34
       Boomerang         |       |       |       |       |       |     9 ||     9
Invok: Call Merchant     |       |       |       |     1 |     3 |     3 ||     7
       Potion Petition   |       |       |       |       |       |     3 ||     3
 Abil: Dig               |       |       |     5 |    15 |    17 |    22 ||    59
Evoke: Wand              |       |       |       |     2 |       |       ||     2
  Use: Scroll            |       |     7 |     9 |     4 |     5 |     9 ||    34
       Potion            |       |       |     2 |     2 |       |     7 ||    11
 Stab: Invisible         |       |       |       |     2 |       |     1 ||     3
       Distracted        |       |       |       |     6 |    14 |    15 ||    35
       Petrified         |       |       |       |       |     8 |       ||     8
Armor: Scale mail        |    60 |    57 |       |       |       |       ||   117
       Ring mail         |       |    13 |    62 |       |       |       ||    75
       Plate armour      |       |       |    16 |   191 |   509 |   839 ||  1555
       Skin              |       |       |       |       |       |    14 ||    14
Dodge: Dodged            |    39 |    74 |    65 |    61 |   159 |   262 ||   660
       Repelled          |       |       |       |       |     6 |       ||     6
Block: Kite shield       |    70 |   103 |   143 |   237 |   487 |   385 ||  1425
       Tower shield      |       |       |       |       |       |   659 ||   659

Table legend: (Time is in decaauts)
 A = Elapsed time spent in this place.
 B = Non-inter-level travel time spent in this place.
 C = Inter-level travel time spent in this place.
 D = Time resting spent in this place.
 E = Time spent auto-exploring this place.
 F = Levels seen in this place.
 G = Mean time per level.
                   A        B        C        D        E       F      G
               +--------+--------+--------+--------+--------+-----+--------+
         Total |  23433 |  21938 |   1495 |   1333 |  14544 |  30 |  781.1 |
       Dungeon |  12040 |  11315 |    725 |    629 |   7726 |  15 |  802.7 |
        Temple |    122 |    106 |     16 |      0 |    100 |   1 |  122.0 |
          Lair |   5954 |   5500 |    454 |    312 |   3822 |   6 |  992.3 |
         Swamp |   2529 |   2362 |    167 |    262 |   1420 |   4 |  632.2 |
  Orcish Mines |   1326 |   1194 |    132 |      0 |    731 |   2 |  663.0 |
         Sewer |    593 |    593 |      0 |      0 |    379 |   1 |  593.0 |
      Ice Cave |    866 |    866 |      0 |    129 |    365 |   1 |  866.0 |
               +--------+--------+--------+--------+--------+-----+--------+

Top non-repeatable levels by time:
  Lair:6: 1355 daAuts
     D:7: 1204 daAuts
     D:6: 1049 daAuts
    D:15: 1032 daAuts
  Lair:2: 1008 daAuts
 Swamp:3: 990 daAuts
  Lair:3: 968 daAuts
  Lair:4: 947 daAuts
     D:9: 924 daAuts
     D:2: 870 daAuts
   IceCv: 866 daAuts
 Swamp:1: 862 daAuts
  Lair:5: 851 daAuts
     D:3: 850 daAuts
    D:12: 836 daAuts
